Map: Disco Bloodbath LE

Players

Clem - Winner!

  • Race: Terran Terran
  • Spawn Location: 9:00

BackupI

  • Race: Terran Terran
  • Spawn Location: 3:00

VOD

Have the link to the VOD?

Description

Time

  • Played on: Sept. 6, 2019, 7:13 p.m.
  • Length: 9:32
Show
View Real Time Build Order
Export as new Build Order

Clem Terran - Winner!

Build Orders: Gas First Reaper Expand 

Get SALT Encoding   

  12  0:00  SCV  
  13  0:12  SCV  
  14  0:16  Supply Depot  
  14  0:25  SCV  
  15  0:29  Refinery  
  15  0:38  SCV  
  16  0:44  Barracks  
  16  0:50  SCV  
  17  1:02  SCV  
  18  1:14  SCV  
  19  1:32  Orbital Command, Reaper  
  20  1:44  Command Center  
  20  1:55  Factory  
  20  1:59  SCV  
  21  2:06  Barracks Reactor  
  21  2:11  SCV  
  21  2:14  Supply Depot  
  22  2:21  Refinery  
  22  2:23  SCV  
  23  2:36  SCV  
  24  2:42  Starport  
  24  2:47  Hellion  
  24  2:48  Hellion  
  24  2:50  SCV  
  30  2:58  Orbital Command  
  30  3:02  SCV  
  30  3:04  Barracks Tech Lab  
  30  3:08  Hellion  
  33  3:13  Hellion  
  33  3:15  SCV  
  34  3:26  SCV  
  35  3:27  SCV  
  35  3:29  Supply Depot  
  36  3:34  Raven  
  36  3:39  SCV  
  36  3:40  SCV, Refinery  
  40  3:43  Marine x2, Factory Tech Lab  
  42  3:51  SCV  
  42  3:52  SCV  
  44  3:58  Supply Depot  
  44  4:01  Marine x2  
  46  4:03  SCV  
  46  4:04  SCV  
  50  4:10  Cyclone  
  50  4:15  SCV  
  51  4:20  Viking  
  51  4:22  SCV  
  53  4:31  SCV  
  53  4:35  SCV  
  51  4:38  Marine  
  51  4:43  SCV  
  47  4:47  SCV  
  47  4:50  Siege Tank  
  51  4:57  Supply Depot  
  51  4:58  SCV  
  51  4:59  SCV  
  53  5:03  Viking  
  55  5:07  Viking  
  55  5:10  SCV  
  55  5:13  SCV  
  58  5:16  Supply Depot  
  58  5:19  Marine  
  59  5:23  SCV  
  59  5:24  Siege Tank  
  59  5:27  SCV  
  64  5:35  Command Center  
  64  5:41  Viking  
  63  5:45  SCV x2, Viking  
  63  5:47  Marine  
  68  5:51  Supply Depot  
  68  5:57  SCV, Refinery  
  68  5:58  Siege Tank  
  68  5:59  SCV  
  73  6:09  SCV, Barracks x2  
  73  6:11  Stimpack  
  74  6:13  SCV  
  75  6:21  SCV, Viking  
  75  6:23  Supply Depot  
  78  6:27  Marine, SCV  
  76  6:33  SCV  
  76  6:39  SCV  
  72  6:41  Viking  
  72  6:45  Marine  
  72  6:46  SCV  
  72  6:48  Orbital Command  
  72  6:50  Siege Tank  
  72  6:51  SCV  
  76  6:57  Viking  
  76  6:59  Barracks Reactor x2  
  78  7:03  Marine  
  78  7:06  SCV  
  80  7:14  Barracks x2, Orbital Command  
  80  7:15  SCV  
  81  7:21  Supply Depot  
  81  7:22  Viking  
  83  7:27  Marine  
  83  7:28  SCV  
  83  7:29  SCV  
  82  7:34  Viking  
  81  7:37  Siege Tank  
  81  7:42  Marine, Supply Depot  
  81  7:43  Marine  
  84  7:46  Marine x2  
  84  7:49  Marine  
  85  7:59  SCV  
  85  8:00  Marine, Medivac  
  85  8:01  Marine  
  85  8:02  Barracks Reactor x2, Combat Shield  
  85  8:04  Marine  
  87  8:07  Marine  
  87  8:09  Engineering Bay x2  
  88  8:15  Medivac  
  88  8:16  Liberator, Siege Tank  
  88  8:19  Marine x2, Supply Depot  
  93  8:20  Marine  
  93  8:22  SCV x2  
  98  8:30  Marine x2  
  98  8:31  SCV, Supply Depot  
  104  8:44  Refinery  
  104  8:45  Marine x4, Refinery  
  104  8:46  Marine  
  104  8:48  Marine x2  
  111  8:51  Medivac  
  107  8:57  Siege Tank  
  107  8:58  Marine x2  
  106  9:02  Marine  
  106  9:03  Marine  
  106  9:04  Marine x3  
  106  9:08  Marine  
  106  9:09  Marine  
  116  9:29  Factory  
Show
View Real Time Build Order
Export as new Build Order

BackupI Terran 

Build Orders: 1/1/1, Liberator Opening 

Get SALT Encoding   

  12  0:00  SCV  
  13  0:12  SCV  
  14  0:17  Supply Depot  
  14  0:25  SCV  
  14  0:28  Refinery  
  15  0:38  SCV  
  16  0:44  Barracks  
  16  0:50  SCV  
  16  0:56  Refinery  
  17  1:02  SCV  
  18  1:14  SCV  
  19  1:31  Factory  
  19  1:33  Orbital Command  
  19  1:34  Reaper  
  20  1:47  Supply Depot  
  20  1:59  SCV  
  21  2:07  Reaper  
  22  2:11  SCV  
  22  2:15  Hellion  
  25  2:16  Starport  
  25  2:23  SCV  
  25  2:26  Supply Depot  
  26  2:36  Hellion  
  26  2:37  Liberator  
  28  2:39  SCV, Reaper  
  33  2:59  Hellion  
  35  3:17  Command Center  
  35  3:20  Factory Tech Lab  
  35  3:21  Barracks Reactor  
  35  3:24  SCV  
  35  3:26  Supply Depot  
  36  3:36  SCV  
  37  3:45  Factory Tech Lab  
  37  3:48  SCV  
  37  3:51  Raven  
  37  3:54  Refinery  
  40  4:00  SCV  
  41  4:07  Marine x2, Cyclone  
  46  4:13  SCV  
  45  4:25  Marine, SCV  
  45  4:28  Marine  
  43  4:38  SCV  
  43  4:43  Marine, Raven  
  43  4:45  Orbital Command  
  42  4:46  Marine  
  42  4:50  SCV  
  44  4:53  Cyclone  
  47  5:01  Marine  
  47  5:02  SCV  
  47  5:03  Marine  
  47  5:04  Command Center  
  50  5:11  SCV  
  51  5:14  SCV  
  51  5:17  Supply Depot  
  53  5:24  SCV  
  53  5:26  Siege Tank  
  53  5:27  SCV  
  57  5:40  Viking x2  
  57  5:41  Marine  
  60  5:43  SCV x2  
  60  5:44  Stimpack  
  60  5:47  Supply Depot  
  62  5:55  SCV  
  62  5:56  SCV  
  64  5:58  Siege Tank  
  64  5:59  Marine  
  68  6:07  SCV  
  68  6:08  SCV  
  70  6:12  Supply Depot, Viking  
  70  6:13  Viking  
  74  6:19  SCV, Orbital Command  
  74  6:20  SCV  
  74  6:25  Marine  
  76  6:32  SCV  
  76  6:38  SCV  
  63  6:43  Marine  
  63  6:45  Siege Tank, Viking  
  63  6:46  Viking  
  62  6:49  SCV x2  
  64  6:55  Barracks  
  64  6:56  Barracks, SCV  
  64  7:00  Marine  
  64  7:01  SCV  
  67  7:02  SCV  
  67  7:03  Refinery  
  67  7:08  SCV  
  69  7:13  SCV  
  69  7:15  SCV, Viking  
  71  7:16  Viking  
  71  7:18  Marine  
  71  7:21  Siege Tank  
  79  7:23  SCV  
  74  7:32  SCV x2  
  74  7:35  SCV  
  74  7:36  Engineering Bay  
  74  7:37  Engineering Bay  
  77  7:44  SCV x2  
  73  7:45  Barracks Reactor, Viking  
  73  7:46  Viking  
  73  7:47  SCV  
  75  7:54  Siege Tank  
  75  7:56  SCV  
  78  8:00  SCV  
  78  8:01  Marine x2  
  76  8:08  SCV  
  75  8:14  Orbital Command  
  75  8:18  SCV  
  76  8:20  SCV  
  76  8:22  Barracks, Viking x2  
  76  8:23  Barracks  
  76  8:24  Marine  
  76  8:25  Barracks Reactor  
  82  8:30  Siege Tank  
  82  8:32  SCV  
  82  8:33  SCV  
  87  8:42  SCV  
  87  8:43  Refinery  
  87  8:46  SCV  
  87  8:47  SCV  
  90  8:49  Marine x2  
  90  8:56  Marine  
  88  9:05  Marine  
  88  9:06  Marine  
  88  9:08  Marine  
  90  9:13  Marine  
  90  9:14  Marine  
Tags
 
Add a new tag
Caveats
  • Supply blocks, unpowered buildings, or Contaminate may cause inaccurate times.
  • Supply counts are checked every 10 seconds.